 Dungeon Crawl Stone Soup version 0.23-a0-49-gd9f7a49668 (webtiles) character file.

9781 Flugkiller the Basher (level 11, -3/78 HPs)
             Began as an Octopode Wanderer on Aug 7, 2018.
             Was an Initiate of Gozag.
             Slain by a wolf (9 damage)
             ... on level 2 of the Lair of Beasts.
             The game lasted 00:27:15 (17427 turns).

Flugkiller the Basher (Octopode Wanderer)          Turns: 17427, Time: 00:27:16

Health: -3/78      AC:  1    Str: 13    XL:     11   Next: 51%
Magic:  14/14      EV: 20    Int: 14    God:    Gozag
Gold:   1632       SH:  5    Dex: 14    Spells: 10/10 levels left

rFire    + + .     SeeInvis .   C - +0 morningstar
rCold    x . .     Gourm    .   M - +0 buckler
rNeg     . . .     Faith    .   (helmet restricted)
rPois    .         Spirit   .   (no amulet)
rElec    .         Reflect  .   f - ring of protection from magic
rCorr    .         Harm     .   q - ring of protection from fire
MR       +....                  E - ring of fire
Stlth    ++........             (no ring)
HPRegen  0.23/turn              (no ring)
MPRegen  0.14/turn              (no ring)
                                (no ring)
                                (no ring)

@: no status effects
A: almost no armour, stealthy swim, amphibious, 8 rings, constrict 8, camouflage
1, gelatinous body 1
a: Potion Petition, Call Merchant, Bribe Branch, Renounce Religion


You were on level 2 of the Lair of Beasts.
You worshipped Gozag.
Gozag was most pleased with you.
You were not hungry.

You visited 3 branches of the dungeon, and saw 13 of its levels.

You collected 1722 gold pieces.
You paid 90 gold pieces to Gozag.

Inventory:

Hand Weapons
 a - a +2 mace
 C - a +0 morningstar (weapon)
Missiles
 j - 11 poisoned needles
 z - a throwing net (quivered)
Armour
 M - a +0 buckler (worn)
Jewellery
 f - a ring of protection from magic (left tentacle)
 q - a ring of protection from fire (right tentacle)
 E - a ring of fire (on tentacle)
 O - an uncursed amulet of harm {unknown}
Wands
 l - a wand of paralysis (3)
 n - a wand of digging (16)
 s - a wand of polymorph (12)
 u - a wand of scattershot (2)
 v - a wand of flame (63)
 F - a wand of disintegration (1)
 L - a wand of enslavement (2)
Scrolls
 c - 3 scrolls of teleportation
 g - a scroll of amnesia {unknown}
 i - 11 scrolls of remove curse
 m - a scroll of fear
 o - a scroll of enchant weapon {unknown}
 r - a scroll of noise {unknown}
 t - 3 scrolls of enchant armour
 w - a scroll of fog
 x - a scroll of immolation
 y - a scroll of magic mapping
 D - a scroll of blinking {unknown}
 H - a scroll of silence {unknown}
 K - 5 scrolls of identify
 N - a scroll of vulnerability {unknown}
Potions
 b - 3 potions of curing
 e - a potion of berserk rage {unknown}
 h - 2 potions of haste
 k - 3 potions of flight
 p - 4 potions of brilliance
 A - 2 potions of heal wounds {unknown}
 B - 2 potions of invisibility {unknown}
 G - a potion of magic {unknown}
 I - 2 potions of resistance {unknown}
 J - a potion of ambrosia {unknown}
Comestibles
 d - 16 rations


   Skills:
 + Level 8.9 Fighting
   Level 2.0(7.0) Axes
 + Level 10.6(10.7) Maces & Flails
 - Level 1.0 Throwing
 + Level 10.3 Dodging
 - Level 4.0 Shields
 - Level 5.0 Evocations


You had 10 spell levels left.
You didn't know any spells.
Your spell library contained the following spells:

 Spells                   Type           Power        Failure   Level  Hunger
 Confuse                  Hex            #.......     65%         3    ####...
 Animate Dead             Necr           N/A          96%         4    #####..
 Pain                     Necr           #...         28%         1    ##.....
 Animate Skeleton         Necr           N/A          28%         1    ##.....
 Vampiric Draining        Necr           #.........   65%         3    ####...
 Regeneration             Chrm/Necr      #.........   65%         3    ####...
 Confusing Touch          Hex            #.....       28%         1    ##.....
 Metabolic Englaciation   Hex/Ice        #.........   100%        5    ######.
 Petrify                  Tmut/Erth      #.......     96%         4    #####..
 Gell's Gravitas          Tloc           #.........   65%         3    ####...
 Yara's Violent Unravell  Hex/Tmut       #.........   100%        5    ######.


Dungeon Overview and Level Annotations

Branches:
Dungeon (10/15)            Temple (1/1) D:5            Lair (2/6) D:9
    Orc (0/2) D:9
  Swamp: Lair:2-4    Shoals: Lair:2-4     Snake: Lair:2-4    Spider: Lair:2-4

Altars:
Ashenzari
Cheibriados
Dithmenos
Fedhas
Gozag
Hepliaklqana
Kikubaaqudgha
Makhleb
Nemelex Xobeh
Okawaru
Qazlal
Ru
Sif Muna
Trog
Uskayaw
Wu Jian
Xom
Yredelemnul
Zin
The Shining One
Beogh

Shops:
D:5 %

Portals:
Volcano: Lair:2

Annotations:
D:2 1 runed door


Innate Abilities, Weirdness & Mutations

You cannot wear most types of armour.
You are very stealthy in the water. (Stealth+)
You are amphibious.
You can wear up to eight rings at the same time.
You can use your tentacles to constrict eight enemies at once.
Your skin changes colour to match your surroundings (Stealth+).
Your rubbery body absorbs attacks. (AC +1, EV +1)


Message History

The wolf bites you! The lindwurm bites you!
* * * LOW HITPOINT WARNING * * *
The lindwurm misses you. The lindwurm claws you.
* * * LOW HITPOINT WARNING * * *
Evoke which item? (* to show all) (? for menu, Esc to quit)
Aiming: Enslavement
Press: ? - help, Shift-Dir - straight line, f - wolf
Aim: a wolf (heavily wounded, constricted by you, chance to defeat MR: 61%)
The wolf resists with significant effort.
You constrict the wolf, but do no damage.
The wolf barely misses you. The lindwurm completely misses you.
The lindwurm closely misses you. The lindwurm claws you.
* * * LOW HITPOINT WARNING * * *
The wolf closely misses you.
You release your grip on the wolf.
You block the wolf's attack. The wolf misses you. The wolf misses you.
The wolf bites you!
You die...
Your body crumbles into a pile of gold.

..,,,,,,,,,.........P#
..,*,,,,,...........##
.#,*,,,,,...........P#
,*,,,,,,,...........##
,,,,,,,,,...........##
,,,*,,,,,.#..........#
,*,,*,,,,............#
,,,,,,,,,*##........##
,,,,,,,,,,#.....@...#
,,,,,,,,,......##h..##
,,**,**,,.....##k....#
,******,,.....*#.###.#
,* **,...,,*#..≈..#
,**** **.P*,,*##.≈.##
,,,,* *#**,,*#..≈..#
,,,,* *,,*#.§§§##
,,,,* *,,*#k§§.#


You could see a wolf.

Vanquished Creatures
  Erica (D:9)
  A two-headed ogre (D:8)
  A black mamba (Lair:2)
  A spiny frog (Lair:1)
  3 blink frogs (Lair:1)
  A hippogriff (Lair:1)
  5 yaks
  Eustachio (D:4)
  A human (D:7)
  4 hogs (D:7)
  2 water moccasins
  A porcupine (Lair:1)
  Duvessa (D:7)
  An ice beast (D:7)
  4 orc warriors (D:8)
  2 sky beasts
  A black bear (D:5)
  A necrophage (D:8)
  A phantom (D:7)
  3 centaurs
  3 ogres
  3 wolves
  A tengu (D:5)
  3 crocodiles (Lair:1)
  A big kobold (D:9)
  2 bullfrogs
  A water moccasin skeleton (D:8)
  3 scorpions
  Dowan (D:7)
  24 killer bees
  2 howler monkeys
  A vampire bat (D:4)
  5 crimson imps
  A bullfrog zombie (D:7)
  3 hounds
  A jelly (D:6)
  6 orc priests
  A centaur skeleton (D:7)
  Terence (D:3)
  3 iguanas
  4 worker ants
  11 orc wizards
  A hound zombie (D:8)
  A howler monkey zombie (D:9)
  A worker ant zombie (D:5)
  19 adders
  5 gnolls
  2 shadow imps
  An ooze (D:3)
  An adder skeleton (D:4)
  2 dart slugs (D:3)
  3 fire bats (D:4)
  5 leopard geckos
  40 orcs
  2 spectral bats (D:4)
  3 bat skeletons (D:4)
  A bat zombie (D:4)
  3 giant cockroaches
  9 goblins
  3 hobgoblins
  7 jackals
  12 kobolds
  A quokka (D:4)
  2 ball pythons
  15 bats
  A bat simulacrum (D:4)
  6 frilled lizards
  10 rats
273 creatures vanquished.

Vanquished Creatures (collateral kills)
  A killer bee (Lair:1)
1 creature vanquished.

Vanquished Creatures (others)
  A queen bee (Lair:1)
  2 killer bees (Lair:1)
  A bush (Lair:2)
  A plant (Lair:1)
5 creatures vanquished.

Grand Total: 279 creatures vanquished

Notes
Turn   | Place    | Note
-------+----------+-------------------------------------------
     0 | D:1      | Flugkiller the Octopode Wanderer began the quest for the Orb.
     0 | D:1      | Flugkiller set off with: a +2 mace, a potion of curing, a scroll of teleportation, a ration
     0 | D:1      | Reached XP level 1. HP: 17/17 MP: 1/1
    22 | D:1      | Reached skill level 1 in Dodging
    22 | D:1      | Reached XP level 2. HP: 20/22 MP: 2/2
   257 | D:1      | HP: 1/22 [bat (1)]
   442 | D:1      | Reached XP level 3. HP: 18/27 MP: 3/3
   868 | D:2      | Found a runed door.
  1065 | D:2      | Reached XP level 4. HP: 24/33 MP: 4/4
  1907 | D:3      | Noticed Terence
  1928 | D:3      | Killed Terence
  1928 | D:3      | Reached XP level 5. HP: 37/37 MP: 6/6
  2480 | D:3      | Found a sparkling altar of Nemelex Xobeh.
  3077 | D:4      | Noticed Eustachio
  3088 | D:4      | Killed Eustachio
  3088 | D:4      | Reached XP level 6. HP: 37/43 MP: 6/8
  3883 | D:3      | Found a sparkling altar of Nemelex Xobeh.
  4251 | D:4      | Reached XP level 7. HP: 48/48 MP: 9/9
  4295 | D:4      | Reached skill level 5 in Maces & Flails
  4831 | D:4      | Found an iron altar of Okawaru.
  4909 | D:5      | Entered Level 5 of the Dungeon
  5045 | D:5      | Found a staircase to the Ecumenical Temple.
  5115 | Temple   | Entered the Ecumenical Temple
  5184 | Temple   | Became a worshipper of Gozag Ym Sagoz the Greedy
  5310 | D:5      | Found Fapiud's Food Shop.
  5493 | D:5      | Reached skill level 5 in Dodging
  5628 | D:5      | Reached skill level 5 in Evocations
  5628 | D:5      | Reached XP level 8. HP: 17/54 MP: 11/11
  6475 | D:5      | Found an ancient bone altar of Kikubaaqudgha.
  6475 | D:5      | Found a burning altar of Makhleb.
  6478 | D:5      | Found a stormy altar of Qazlal.
  6743 | D:6      | Found a bloodstained altar of Trog.
  6745 | D:6      | Found a snail-covered altar of Cheibriados.
  8019 | D:7      | Reached XP level 9. HP: 42/58 MP: 12/12
  8460 | D:7      | Found a blossoming altar of Fedhas.
  8831 | D:7      | Reached skill level 5 in Fighting
  9450 | D:7      | Noticed Dowan
  9450 | D:7      | Noticed Duvessa
  9477 | D:7      | Killed Dowan
  9564 | D:7      | Killed Duvessa
 10580 | D:8      | Reached XP level 10. HP: 68/69 MP: 13/13
 11040 | D:8      | Found a roughly hewn altar of Beogh.
 11765 | D:9      | Noticed a two-headed ogre
 11777 | D:8      | Killed a two-headed ogre
 11958 | D:8      | HP: 1/71 [yak (18)]
 12383 | D:9      | Found a basalt altar of Yredelemnul.
 12952 | D:8      | Found a roughly hewn altar of Beogh.
 13830 | D:9      | Found a staircase to the Orcish Mines.
 13892 | D:9      | Reached skill level 1 in Shields
 14325 | D:9      | Found a staircase to the Lair.
 14351 | D:9      | Noticed Erica
 14357 | D:9      | Killed Erica
 14515 | D:10     | Entered Level 10 of the Dungeon
 14566 | D:10     | Reached skill level 10 in Maces & Flails
 14566 | D:10     | Reached XP level 11. HP: 58/77 MP: 14/14
 14799 | Lair:1   | Entered Level 1 of the Lair of Beasts
 16228 | Lair:1   | Reached skill level 10 in Dodging
 17398 | Lair:2   | Found a dark tunnel.
 17398 | Lair:2   | Noticed a lindwurm
 17427 | Lair:2   | Slain by a wolf

Vault maps used:
D:1:      ncdulo_watergridlock, minmay_small_reverse_x
D:2:      uniq_crazy_yiuf_cottage
D:3:      nemelex_dance_club_becter, uniq_terence
D:4:      okawaru_ov_weapons_minmay, first_ration, goddamned_bats,
          uniq_eustachio
D:5:      grunt_temple_overflow_diamond, minmay_temple_entry_glass,
          serial_shops, nicolae_shop_crystal, grunt_ministairs_8,
          hangedman_decor_growths
D:6:      grunt_temple_overflow_open, minivault_25
D:7:      fedhas_altar_3, grunt_livestock, uniq_duvessa
D:8:      special_room
D:9:      old_standard_altar, lair_entry_dummy, orc_0_dummy, uniq_erica
D:10:     uniq_urug
Temple:   zaba_magenta_temple
Lair:1:   special_room
Lair:2:   nicolae_volcano_entry_vermiform, kennysheep_snail_temple

Skill      XL: |  1  2  3  4  5  6  7  8  9 10 11 |
---------------+----------------------------------+-----
Dodging        | 1 2 3 4 5 7 8 9 10 | 10.3
Maces & Flails | 3 4 5 7 8 10 | 10.6
Evocations     | 3 5 |  5.0
Fighting       | 6 8 |  8.9
Shields        | 2 4 |  4.0
Axes           | |  2.0
Throwing       | |  1.0

Action                   |  1- 3 |  4- 6 |  7- 9 | 10-12 || total
-------------------------+-------+-------+-------+-------++-------
Melee: Mace              |    57 |   127 |   166 |       ||   350
       Constrict         |    18 |    31 |    63 |    65 ||   177
       Tentacles         |    11 |    24 |    63 |    83 ||   181
       Morningstar       |       |       |   129 |   344 ||   473
Invok: Potion Petition   |       |       |       |     1 ||     1
Evoke: Wand              |       |     4 |    12 |    13 ||    29
  Use: Scroll            |       |     4 |     3 |     3 ||    10
       Potion            |       |       |       |     2 ||     2
 Stab: Sleeping          |     1 |    11 |    10 |     3 ||    25
       Paralysed         |       |     9 |    10 |     6 ||    25
       Distracted        |       |       |       |     4 ||     4
  Eat: Chunk             |       |     7 |     4 |       ||    11
       Ration            |       |     1 |     5 |     7 ||    13
Armor: Skin              |     7 |    19 |     9 |     7 ||    42
Dodge: Dodged            |    59 |   110 |   218 |   272 ||   659
Block: Buckler           |       |       |       |    42 ||    42

Table legend:
 A = Spawn XP
 B = Non-spawn XP
 C = Spawn XP percentage of total XP
 D = Spawn monster count
 E = Non-spawn monster count
 F = Spawn count percentage of total count
 G = Total turns spent on level
                    A         B        C        D         E        F      G
               +---------+---------+-------+---------+---------+-------+---------
         Total |       0 |   13973 |   0.0 |       0 |     275 |   0.0 | 17427
               +---------+---------+-------+---------+---------+-------+---------
           D:1 |       0 |      40 |   0.0 |       0 |      19 |   0.0 |   649
           D:2 |       0 |      74 |   0.0 |       0 |      17 |   0.0 |  1082
           D:3 |       0 |     201 |   0.0 |       0 |      34 |   0.0 |  2147
           D:4 |       0 |     534 |   0.0 |       0 |      34 |   0.0 |  1096
           D:5 |       0 |     761 |   0.0 |       0 |      22 |   0.0 |  1512
           D:6 |       0 |     647 |   0.0 |       0 |      15 |   0.0 |  1415
           D:7 |       0 |    2021 |   0.0 |       0 |      25 |   0.0 |  2585
           D:8 |       0 |    3226 |   0.0 |       0 |      52 |   0.0 |  2891
           D:9 |       0 |    1821 |   0.0 |       0 |      18 |   0.0 |  1729
          D:10 |       0 |     168 |   0.0 |       0 |       2 |   0.0 |   119
        Lair:1 |       0 |    3896 |   0.0 |       0 |      35 |   0.0 |  2033
        Lair:2 |       0 |     584 |   0.0 |       0 |       2 |   0.0 |    82
               +---------+---------+-------+---------+---------+-------+---------
